 Dungeon Crawl Stone Soup version 0.20.1-1-g8b1a95d (webtiles) character file.

150678 bartek7090 the Severer (level 16, 0/210 HPs)
             Began as a Demonspawn Fighter on Oct 12, 2017.
             Was the Champion of Trog.
             Slain by a spark wasp (15 damage)
             ... on level 4 of the Spider Nest.
             The game lasted 01:00:18 (29992 turns).

bartek7090 the Severer (Demonspawn Fighter)        Turns: 29992, Time: 01:00:20

Health: 0/210      AC: 17    Str: 28 (29) XL:     16   Next: 99%
Magic:  16/16      EV: 16    Int: 10      God:    Trog [******]
Gold:   1809       SH:  0    Dex: 15 (16) Spells: 15/15 levels left

rFire    + . .     SeeInvis .   g - +1 battleaxe "Jupit" {venom, +Rage Dex+2 Stlth+}
rCold    + . .     Gourm    .   (shield currently unavailable)
rNeg     . . .     Faith    +   v - +3 troll leather armour
rPois    +         Spirit   .   C - +2 hat
rElec    .         Reflect  .   E - scarf {rC+ rF+}
rCorr    .         Harm     .   G - +2 pair of gloves of Surprise {Str+2}
MR       +....                  b - +2 pair of boots {Stlth+}
Stlth    ..........             h - amulet of faith
Regen    4.9/turn               a - +3 ring of slaying
MPRegen  0.2/turn               m - ring of poison resistance

@: mighty, berserking, very quick
A: hooves 2, powered by death 3, powered by pain 2, sturdy frame 2
a: Berserk, Trog's Hand, Brothers in Arms, Burn Spellbooks, Renounce Religion,
Evoke Berserk Rage


You were on level 4 of the Spider Nest.
You worshipped Trog.
Trog was exalted by your worship.
You were not hungry.

You visited 4 branches of the dungeon, and saw 27 of its levels.
You also visited: Ossuary.

You collected 2719 gold pieces.
You spent 910 gold pieces at shops.

Inventory:

Hand Weapons
 g - the +1 battleaxe "Jupit" (weapon) {venom, +Rage Dex+2 Stlth+}
   (Trog gifted it to you on level 13 of the Dungeon)

   It poisons the flesh of those it strikes.
   It affects your dexterity (+2).
   It lets you go berserk.
   It makes you more stealthy.
 n - a +2 antimagic battleaxe
 S - a +4 antimagic executioner's axe
Armour
 b - a +2 pair of boots of stealth (worn)
 v - a +3 troll leather armour (worn)
 C - a +2 hat (worn)
 E - a scarf of resistance (worn)
 G - the +2 pair of gloves of Surprise (worn) {Str+2}
   (You acquired it on level 6 of the Lair of Beasts)

   It affects your strength (+2).
Jewellery
 a - a +3 ring of slaying (left hand)
 c - an uncursed ring of protection from magic
 h - an amulet of faith (around neck)
 m - a ring of poison resistance (right hand)
 u - a +3 amulet of reflection {unknown}
 D - a +2 ring of protection {unknown}
 J - an uncursed ring of resist corrosion
 V - a cursed ring of protection from cold
 Y - an uncursed amulet of guardian spirit {unknown}
 Z - an uncursed ring of fire
Wands
 t - a wand of scattershot (5/9)
 K - a wand of scattershot (7/9)
 R - a wand of digging (6/24)
Scrolls
 e - 12 scrolls of remove curse
 f - 3 scrolls of recharging
 l - a scroll of noise {unknown}
 r - 15 scrolls of teleportation
 s - 4 scrolls of enchant weapon
 x - a scroll of fear
 y - 4 scrolls of fog
 A - 7 scrolls of magic mapping
 H - 8 scrolls of blinking
 P - a scroll of torment
Potions
 d - 4 potions of might
 i - 3 potions of mutation {unknown}
 k - 11 potions of curing
 o - 3 potions of berserk rage {unknown}
 p - 3 potions of lignification
 q - 8 potions of heal wounds
 w - 4 potions of agility
 z - 4 potions of ambrosia
 B - 3 potions of haste
 F - 4 potions of brilliance
 I - 2 potions of invisibility {unknown}
 M - 4 potions of flight {unknown}
 N - 2 potions of cancellation {unknown}
 W - a potion of resistance {unknown}
Comestibles
 j - 16 royal jellies
 O - a bread ration
 Q - 5 fruits


   Skills:
 - Level 16.8 Fighting
 + Level 19.8 Axes
 - Level 9.5 Armour
 - Level 6.2 Dodging
   Level 2.6 Shields


You had 15 spell levels left.
You didn't know any spells.

Dungeon Overview and Level Annotations

Branches:
Dungeon (15/15)            Temple (0/1) D:4            Lair (6/6) D:9
  Swamp (0/4) Lair:2       Spider (4/4) Lair:2        Slime (0/5) Lair:5
    Orc (2/2) D:12            Elf (0/3) Orc:2        Vaults (0/5) D:13
 Depths (0/5) D:15

Altars:
Elyvilon
Fedhas
Makhleb
Sif Muna
Trog
Vehumet
Xom
Yredelemnul

Shops:
Orc:2 =(:*

Portals:
Hell: Lair:6

Annotations:
Lair:6 exclusion: 2 oklob plants


Innate Abilities, Weirdness & Mutations

You have hoof-like feet.
You regenerate a lot of health from kills.
You sometimes gain power by taking damage.
Your movements are less encumbered by armour. (ER -4)


Message History

You kill the tarantella!
Trog accepts your kill.
You slash something! Trog accepts your kill.
Reactivating autopickup.
You feel a bit more experienced.
You closely miss the spark wasp.
Your ogre barely misses the spark wasp.
The spark wasp stings you!
* * * LOW HITPOINT WARNING * * *
The spark wasp shocks you!
* * * LOW HITPOINT WARNING * * *
The tarantella bites your ogre!
Your ogre dies!
Your ogre's corpse disappears in a puff of smoke!
You slice the spectral jumping spider!!
The spectral jumping spider is heavily damaged.
You slash the spark wasp!
The spark wasp is poisoned.
The spark wasp stings you!
* * * LOW HITPOINT WARNING * * *
The spark wasp shocks you!
You die...

####
#########################
#^.≈≈^.#.......≈≈≈≈≈≈≈≈..
...≈≈≈≈Z@........≈≈#≈≈...
...≈#≈≈y....#...#.≈≈≈....
....≈≈s§†≈≈......††.....≈
......≈≈≈#≈≈≈....†.....#≈
....###################..
y... #.. ... #.. .. #..
#.^


You could see a spark wasp, a spectral jumping spider and a tarantella.

Vanquished Creatures
  An emperor scorpion (Spider:4)
  3 ghost moths
  An entropy weaver (Spider:2)
  Azrael (D:14)
  A spark wasp (Spider:4)
  Snorg (D:14)
  A fire dragon (D:14)
  Josephine (D:12)
  6 hydras
  4 centaur warriors
  A catoblepas (Lair:6)
  24 two-headed ogres
  3 ogre magi
  2 tengu warriors (D:13)
  Urug (D:15)
  The ghost of Frank the Carver, a novice OpFi of Gozag (D:8)
  A sixfirhy (Lair:6)
  A deep troll (Orc:2)
  2 unseen horrors
  3 wizards
  A harpy (shapeshifter) (D:13)
  2 orc knights
  2 deep elf magi
  A manticore (D:11)
  2 necromancers (D:13)
  9 orb spiders
  2 orc sorcerers
  18 wolf spiders
  19 ugly things
  5 cyclopes
  9 elephants
  A moth of wrath (Spider:2)
  3 centaur zombies
  Maurice (D:12)
  2 naga magi (D:15)
  4 black mambas
  An orange demon (Lair:6)
  10 spiny frogs
  2 torpor snails
  The ghost of Frank the Slasher, a novice OpFi (D:4)
  6 rime drakes
  9 komodo dragons
  A yaktaur (shapeshifter) (D:11)
  A hellwing (Lair:6)
  7 demonic crawlers
  A freezing wraith (D:14)
  8 polar bears
  2 ice devils (Lair:6)
  10 trolls
  3 meliai (D:13)
  A tengu conjurer (D:10)
  8 hornets
  31 jumping spiders
  A spectral jumping spider (Spider:4)
  14 blink frogs
  12 dream sheep
  5 hippogriffs
  36 tarantellas
  79 redbacks
  2 shadows
  A wyvern (D:12)
  3 water elementals (D:13)
  2 vampires
  5 wraiths
  22 yaks
  A vampire mosquito (D:9)
  6 basilisks
  4 hungry ghosts
  4 swamp worms (Lair:2)
  2 wargs (Orc:1)
  3 soldier ants
  3 acid dragons
  4 hell hounds
  10 water moccasins
  11 porcupines
  22 orc warriors
  An ice beast (D:8)
  3 eyes of draining
  A hornet zombie (D:9)
  3 black bears
  2 necrophages
  24 ogres
  7 sky beasts
  3 phantoms
  17 wolves
  9 centaurs
  25 crocodiles
  2 big kobolds
  A wyvern zombie (D:11)
  Blork the orc (D:6)
  19 bullfrogs
  A wyvern skeleton (D:11)
  4 scorpions
  8 wights
  The ghost of Frank the Shield-Bearer, a weakling OpFi (D:3)
  12 electric eels
  8 howler monkeys
  A bullfrog zombie (D:5)
  3 crimson imps
  3 bullfrog skeletons
  6 hounds
  2 jellies
  13 orc priests
  2 iguanas
  Terence (D:3)
  3 centaur skeletons
  4 hell rats (Lair:6)
  16 worker ants
  11 orc wizards
  A hound zombie (D:5)
  3 mummies (Ossuary)
  A gnoll (D:1)
  A howler monkey skeleton (D:8)
  13 adders
  6 shadow imps
  2 oozes
  2 adder skeletons
  6 worms
  A dart slug (D:1)
  5 leopard geckos
  69 orcs
  A giant cockroach (D:2)
  A gnoll zombie (Ossuary)
  3 goblins
  11 hobgoblins
  7 jackals
  3 quokkas
  2 ball pythons
  7 bats
  6 frilled lizards
  A giant cockroach zombie (D:5)
  A goblin zombie (Ossuary)
  2 hobgoblin zombies (Ossuary)
  A jackal skeleton (D:7)
  20 kobolds
  6 kobold zombies (Ossuary)
  A quokka zombie (D:6)
  8 rats
  2 fungi
  3 plants
907 creatures vanquished.

Vanquished Creatures (collateral kills)
  Rupert (D:12)
  Frances (D:14)
  The ghost of Haldmier the Fighter, a journeyman DsGl of Ashenzari (Lair:3)
  5 hydras
  An ogre mage (Orc:2)
  A two-headed ogre (Orc:2)
  Sonja (D:14)
  A deep troll (Orc:2)
  An orange demon (Lair:6)
  A spiny frog (Lair:6)
  A komodo dragon (Lair:6)
  2 ice devils (Lair:6)
  3 trolls (Orc:2)
  A wraith (D:14)
  A tarantella (Spider:4)
  2 fire elementals (D:14)
  A basilisk (Lair:3)
  2 hell hounds (Lair:6)
  An orc warrior (D:11)
  8 ogres (Orc:2)
  2 orc wizards
  2 orcs (D:11)
40 creatures vanquished.

Vanquished Creatures (others)
  9 fungi
  4 plants
13 creatures vanquished.

Grand Total: 960 creatures vanquished

Notes
Turn   | Place    | Note
-------+----------+-------------------------------------------
     0 | D:1      | bartek7090 the Demonspawn Fighter began the quest for the Orb.
     0 | D:1      | Reached XP level 1. HP: 18/18 MP: 1/1
    61 | D:1      | Reached skill level 2 in Axes
   284 | D:1      | Gained mutation: You regenerate a little health from kills. [demonic ancestry]
   284 | D:1      | Reached XP level 2. HP: 24/24 MP: 2/2
   498 | D:2      | Found a radiant altar of Vehumet.
   571 | D:2      | Gained mutation: You regenerate health from kills. [demonic ancestry]
   571 | D:2      | Reached XP level 3. HP: 28/29 MP: 3/3
   705 | D:2      | Reached skill level 3 in Axes
   872 | D:2      | Reached XP level 4. HP: 37/37 MP: 4/4
  1161 | D:2      | Noticed a moth of wrath
  1164 | D:2      | Found a bloodstained altar of Trog.
  1296 | D:2      | Became a worshipper of Trog the Wrathful
  1482 | D:3      | Noticed Frank's ghost (weakling OpFi)
  1485 | D:3      | Killed Frank's ghost
  1612 | D:3      | Noticed Terence
  1618 | D:3      | Killed Terence
  1618 | D:3      | Gained mutation: Your movements are slightly less encumbered by armour. (ER -2) [demonic ancestry]
  1618 | D:3      | Reached XP level 5. HP: 34/43 MP: 5/5
  2049 | D:3      | Reached skill level 4 in Axes
  2211 | D:4      | Reached skill level 5 in Fighting
  2234 | D:4      | Gained mutation: Your movements are less encumbered by armour. (ER -4) [demonic ancestry]
  2234 | D:4      | Reached XP level 6. HP: 50/51 MP: 6/6
  2236 | D:4      | Reached * piety under Trog
  2270 | D:4      | Noticed Frank's ghost (novice OpFi)
  2278 | D:4      | Killed Frank's ghost
  2278 | D:4      | Reached skill level 5 in Axes
  2278 | D:4      | Gained mutation: You sometimes gain a little power by taking damage. [demonic ancestry]
  2278 | D:4      | Reached XP level 7. HP: 58/58 MP: 7/7
  2486 | D:4      | Found a staircase to the Ecumenical Temple.
  3023 | D:5      | Entered Level 5 of the Dungeon
  3206 | D:5      | Reached skill level 6 in Axes
  3297 | D:5      | Found a white marble altar of Elyvilon.
  3409 | D:5      | Gained mutation: You regenerate a lot of health from kills. [demonic ancestry]
  3409 | D:5      | Reached XP level 8. HP: 42/67 MP: 8/8
  3853 | D:6      | Noticed Blork the orc
  3872 | D:6      | Killed Blork the orc
  4403 | D:6      | Reached skill level 7 in Axes
  4543 | D:6      | Reached ** piety under Trog
  4723 | D:7      | Gained mutation: You sometimes gain power by taking damage. [demonic ancestry]
  4723 | D:7      | Reached XP level 9. HP: 75/75 MP: 9/9
  5100 | D:7      | Reached skill level 8 in Axes
  5248 | D:8      | Found a sand-covered staircase.
  5251 | Ossuary  | Entered an ossuary
  5311 | Ossuary  | Reached *** piety under Trog
  5806 | D:8      | Reached skill level 10 in Fighting
  5836 | D:8      | Found a burning altar of Makhleb.
  5995 | D:8      | Reached skill level 9 in Axes
  6185 | D:8      | Noticed Frank's ghost (novice OpFi)
  6193 | D:8      | Killed Frank's ghost
  6193 | D:8      | Reached **** piety under Trog
  6193 | D:8      | Gained mutation: You have large cloven feet. [demonic ancestry]
  6193 | D:8      | Reached XP level 10. HP: 86/86 MP: 10/10
  6461 | D:9      | Found a blossoming altar of Fedhas.
  6878 | D:9      | Found a staircase to the Lair.
  7174 | D:9      | Reached skill level 10 in Axes
  7181 | D:9      | Received a gift from Trog
  7541 | D:10     | Entered Level 10 of the Dungeon
  8300 | D:10     | Killed an unseen horror
  8776 | D:11     | Reached skill level 5 in Armour
  9064 | D:11     | Noticed a two-headed ogre
  9072 | D:11     | Killed a two-headed ogre
  9072 | D:11     | Reached XP level 11. HP: 95/95 MP: 11/11
  9111 | D:11     | Noticed a green ugly thing
  9120 | D:11     | Killed a green ugly thing
  9188 | D:11     | Noticed a seven-headed hydra
  9195 | D:11     | Killed a seven-headed hydra
  9505 | D:11     | Noticed a two-headed ogre
  9513 | D:11     | Killed a two-headed ogre
  9513 | D:11     | Reached skill level 11 in Axes
  9901 | D:11     | Noticed a two-headed ogre
  9915 | D:11     | Killed a two-headed ogre
 10248 | Lair:1   | Entered Level 1 of the Lair of Beasts
 10280 | Lair:1   | Noticed an eight-headed hydra
 10295 | Lair:1   | Killed a 17-headed hydra
 10583 | Lair:1   | Noticed a five-headed hydra
 10588 | Lair:1   | Killed a five-headed hydra
 10998 | Lair:1   | Reached XP level 12. HP: 99/103 MP: 12/12
 12284 | Lair:2   | Reached skill level 12 in Axes
 12800 | Lair:2   | Found a hole to the Spider Nest.
 13246 | Lair:2   | Found a staircase to the Swamp.
 13947 | Lair:2   | Noticed a seven-headed hydra
 13956 | Lair:2   | Killed an 11-headed hydra
 14797 | Lair:3   | Found a deep blue altar of Sif Muna.
 14994 | Lair:3   | Noticed Haldmier's ghost (journeyman DsGl)
 15027 | Lair:3   | Killed Haldmier's ghost
 16419 | Lair:4   | Reached ***** piety under Trog
 16446 | Lair:4   | Gained mutation: You have hoof-like feet. [demonic ancestry]
 16446 | Lair:4   | Reached XP level 13. HP: 89/113 MP: 13/13
 16781 | Lair:5   | Reached skill level 13 in Axes
 17211 | Lair:5   | Found a staircase to the Slime Pits.
 18303 | Lair:6   | Entered Level 6 of the Lair of Beasts
 18321 | Lair:6   | Reached skill level 15 in Fighting
 18624 | Lair:6   | Received a gift from Trog
 18624 | Lair:6   | Reached skill level 14 in Axes
 18666 | Lair:6   | Found a burning altar of Makhleb.
 18728 | Lair:6   | Found a gateway to Hell.
 18736 | Lair:6   | Got a crude platinum ring
 18744 | Lair:6   | Identified the ring "Siarr" {MP+9 AC+2 Str-5 Int+2 Dex+3} (You found it on level 6 of the Lair of Beasts)
 18753 | Lair:6   | Identified a scroll of acquirement
 18757 | Lair:6   | Got a pair of warped gloves
 18768 | Lair:6   | Identified the +2 pair of gloves of Surprise {Str+2} (You acquired it on level 6 of the Lair of Beasts)
 18853 | Lair:6   | Found a radiant altar of Vehumet.
 18905 | Lair:6   | HP: 7/174 [poisoned by a black mamba]
 18906 | Lair:6   | HP: 3/116 [poisoned by a black mamba]
 19588 | Lair:6   | Reached XP level 14. HP: 123/123 MP: 4/14
 19716 | Lair:6   | Reached skill level 15 in Axes
 20637 | D:12     | Noticed Josephine
 20649 | D:12     | Killed Josephine
 20650 | D:12     | Noticed Rupert
 20764 | D:12     | Found a basalt altar of Yredelemnul.
 20945 | D:12     | Noticed Maurice
 20954 | D:12     | Killed Maurice
 21284 | D:12     | Found a staircase to the Orcish Mines.
 21290 | Orc:1    | Entered Level 1 of the Orcish Mines
 21582 | Orc:1    | Reached skill level 16 in Axes
 21735 | Orc:1    | Found Raecw's Gadget Emporium.
 21843 | Orc:2    | Entered Level 2 of the Orcish Mines
 22026 | Orc:2    | Found a staircase to the Elven Halls.
 22026 | Orc:2    | Found a burning altar of Makhleb.
 22124 | Orc:2    | Received a gift from Trog
 22167 | Orc:2    | Found Fiummad's Jewellery Boutique.
 22200 | Orc:2    | Found Axky's Antique Weapon Shop.
 22211 | Orc:2    | Reached skill level 17 in Axes
 22232 | Orc:2    | Found Xoiskun's Book Emporium.
 22241 | Orc:2    | Found Myrrurew's General Store.
 22331 | Orc:2    | Bought a +3 ring of slaying for 630 gold pieces
 22917 | D:13     | Reached ****** piety under Trog
 23374 | D:13     | Reached XP level 15. HP: 129/129 MP: 5/15
 23390 | D:13     | Received a gift from Trog
 23395 | D:13     | Found a burning altar of Makhleb.
 23860 | D:13     | Got a slimy battleaxe {god gift}
 23862 | D:13     | Identified the +1 battleaxe "Jupit" {venom, +Rage Dex+2 Stlth+} (Trog gifted it to you on level 13 of the Dungeon)
 24055 | D:13     | Found a gate to the Vaults.
 24096 | D:14     | Found a shimmering altar of Xom.
 24155 | D:14     | Noticed Sonja
 24164 | D:14     | Killed Sonja
 24225 | D:14     | Noticed Frances
 24241 | D:14     | Killed Frances
 24597 | D:14     | Noticed Azrael
 24606 | D:14     | Killed Azrael
 24702 | D:14     | Reached skill level 1 in Dodging
 25054 | D:14     | Received a gift from Trog
 25124 | D:14     | Noticed Snorg
 25140 | D:14     | Killed Snorg
 25397 | D:15     | Entered Level 15 of the Dungeon
 25591 | D:15     | Noticed Urug
 25610 | D:15     | Killed Urug
 25864 | D:15     | Received a gift from Trog
 25887 | D:15     | Reached skill level 5 in Dodging
 26074 | D:15     | Found a staircase to the Depths.
 26345 | Spider:1 | Entered Level 1 of the Spider Nest
 26374 | Spider:1 | Reached skill level 18 in Axes
 26389 | Spider:1 | Reached XP level 16. HP: 101/139 MP: 16/16
 26551 | D:12     | Killed Rupert
 26741 | Orc:2    | Bought an uncursed ring of poison resistance for 280 gold pieces
 28568 | Spider:3 | Reached skill level 19 in Axes
 28571 | Spider:3 | Received a gift from Trog
 29071 | Spider:4 | Entered Level 4 of the Spider Nest
 29403 | Spider:4 | Received a gift from Trog
 29665 | Spider:4 | Received a gift from Trog
 29992 | Spider:4 | Slain by a spark wasp

Skill      XL: |  1  2  3  4  5  6  7  8  9 10 11 12 13 14 15 16 |
---------------+-------------------------------------------------+-----
Axes           | 2 3 4 5 6 7 9 10 11 12 14 17 18 19 | 19.8
Fighting       | 4 5 6 7 8 10 11 12 14 15 16 | 16.8
Armour         | 5 7 8 9 |  9.5
Dodging        | 5 6 |  6.2
Shields        | |  2.6

Action                   |  1- 3 |  4- 6 |  7- 9 | 10-12 | 13-15 | 16-18 || total
-------------------------+-------+-------+-------+-------+-------+-------++-------
Melee: War axe           |    23 |       |       |       |       |       ||    23
       Hand axe          |    65 |   147 |   321 |   837 |   284 |       ||  1654
       Battleaxe         |       |       |       |       |   906 |   448 ||  1354
Invok: Berserk           |       |     1 |     9 |    23 |    36 |     5 ||    74
       Trog's Hand       |       |       |     1 |     8 |    14 |     3 ||    26
       Brothers in Arms  |       |       |       |     4 |    12 |     3 ||    19
       Burn Spellbooks   |       |       |       |     2 |     3 |     1 ||     6
  Use: Scroll            |       |     1 |     3 |    10 |    12 |     8 ||    34
       Potion            |       |       |       |     3 |     5 |     1 ||     9
 Stab: Distracted        |       |       |       |     1 |     1 |     2 ||     4
       Sleeping          |       |       |       |       |       |     9 ||     9
  Eat: Chunk             |       |     5 |    11 |     6 |    21 |    13 ||    56
       Meat ration       |       |       |     2 |     9 |     4 |     1 ||    16
       Bread ration      |       |       |       |     5 |       |     1 ||     6
       Fruit             |       |       |       |       |    23 |       ||    23
       Royal jelly       |       |       |       |       |     6 |       ||     6
Armor: Scale mail        |    55 |    43 |   102 |   104 |       |       ||   304
       Plate armour      |       |       |       |   274 |   877 |    21 ||  1172
       Troll leather arm |       |       |       |       |       |   241 ||   241
Dodge: Dodged            |    26 |    27 |    69 |   164 |   591 |   402 ||  1279
Block: Shield            |    50 |    61 |   107 |   320 |   102 |       ||   640
